 Dungeon Crawl Stone Soup version 0.31-a0-256-g80acddb972 (webtiles) character file.

Game seed: 11151730768166994268

524 qw the Shooter (level 7, 0/59 HPs)
             Began as a Minotaur Hexslinger on July 12, 2023.
             Engulfed by a cloud of steam (15 damage)
             ... on level 4 of the Dungeon.
             The game lasted 00:01:13 (3112 turns).

qw the Shooter (Minotaur Hexslinger)                Turns: 3112, Time: 00:01:13

Health: 0/59       AC:  2    Str: 12    XL:     7   Next: 2%
Magic:  7/7        EV: 12    Int: 14    God:
Gold:   153        SH:  0    Dex: 15    Spells: 7/8 levels left

rFire   . . .        Y - +2 sling
rCold   . . .        (no shield)
rNeg    + . .        j - +0 robe "Xata" {rElec Will+ Int+4}
rPois   .            (helmet restricted)
rElec   +            (no cloak)
rCorr   .            (no gloves)
SInv    .            (no boots)
Will    +....        (no amulet)
Stlth   +            h - ring of positive energy
HPRegen 0.29/turn    (no ring)
MPRegen 0.10/turn

%: no passive effects
@: no status effects
A: horns 2, retaliatory headbutt
a: no special abilities


You were on level 4 of the Dungeon.
You visited 1 branch of the dungeon, and saw 4 of its levels.

You collected 304 gold pieces.
You spent 151 gold pieces at shops.


Innate Abilities, Weirdness & Mutations

You have a pair of horns on your head.
You reflexively headbutt those who attack you in melee.


   Skills:
 - Level 4.0 Fighting
 + Level 7.6 Ranged Weapons
 - Level 2.1 Dodging
 - Level 1.0 Spellcasting
 - Level 2.0 Hexes


You had 7 spell levels left.
You knew the following spells:

 Your Spells              Type           Power      Damage    Failure   Level
a - Slow                  Hex            24%        N/A       12%         1

Your spell library contained the following spells:

 Spells                   Type           Power      Damage    Failure   Level
 Inner Flame              Hex/Fire       3%         N/A       45%         3
 Portal Projectile        Hex/Tloc       6%         N/A       45%         3
 Cause Fear               Hex            3%         N/A       75%         4

Inventory:

Hand Weapons
 Y - a +2 sling (weapon)
Armour
 c - a +0 ring mail
 j - the +0 robe "Xata" (worn) {rElec Will+ Int+4}
   (You found it on level 3 of the Dungeon)

   Int:       It affects your intelligence (+4).
   rElec:     It insulates you from electricity.
   Will:      It increases your willpower.
Jewellery
 h - a ring of positive energy (left hand)
Wands
 f - a wand of digging (4)
Scrolls
 a - 2 scrolls of identify
 b - 2 scrolls of enchant armour
Potions
 d - a potion of cancellation {unknown}
 e - 8 potions of curing
 g - a potion of resistance
 i - a potion of might
 l - a potion of enlightenment
 n - a potion of heal wounds

Dungeon Overview and Level Annotations

Branches:
Dungeon (4/15)
 Temple: D:4-7

Altars:
Wu Jian

Shops:
D:3 :(!*


Message History

You shoot a sling bullet.
The sling bullet barely misses the ball python.
You shoot a sling bullet. The sling bullet hits the ball python.
You kill the ball python!
A steam dragon comes into view.
Enter note: You shoot a sling bullet.
The steam dragon hisses angrily.
The sling bullet hits the steam dragon.
The steam dragon is lightly wounded.
You shoot a sling bullet.
The sling bullet barely misses the steam dragon.
You shoot a sling bullet. The sling bullet hits the steam dragon.
The steam dragon is moderately wounded.
You shoot a sling bullet. The sling bullet hits the steam dragon.
The steam dragon is moderately wounded.
You shoot a sling bullet. The sling bullet hits the steam dragon.
The steam dragon is heavily wounded.
You shoot a sling bullet. The sling bullet hits the steam dragon.
The steam dragon is severely wounded.
You shoot a sling bullet.
The sling bullet hits the steam dragon but does no damage.
The steam dragon is severely wounded.
The steam dragon bites you! The steam dragon closely misses you.
You shoot a sling bullet.
The sling bullet barely misses the steam dragon.
The steam dragon completely misses you. The steam dragon barely misses you.
You shoot a sling bullet. The sling bullet hits the steam dragon.
The steam dragon is severely wounded.
The steam dragon breathes steam at you. The ball of steam hits you!!
You shoot a sling bullet. The sling bullet hits the steam dragon.
The steam dragon is almost dead.
You are engulfed in a cloud of scalding steam.
The steam dragon misses you. The steam dragon barely misses you.
You shoot a sling bullet. The sling bullet hits the steam dragon!
You kill the steam dragon!
The steam dragon scales are intact enough to wear.
You are engulfed in a cloud of scalding steam.
You die...

########...#.##....##
#...#.##....#
#...#.##....#####
#####.......'....
######### #.......#####
#.......# #............
#.....¤¤# #.......#####
#.....¤¤####.......# #
#......@...........## #
#.....¤[............# #
#.................#.## #
#...........#.#####..###
#...........#.# ##....
..............# ####.
#.......####### ######.
#####.... .......
#######


There were no monsters in sight!

Vanquished Creatures
  Grinder (D:3)
  A steam dragon (D:4)
  A howler monkey (D:4)
  3 orc priests (D:3)
  An iguana (D:4)
  Ijyb (D:2)
  Terence (D:3)
  2 adders (D:3)
  3 worms
  2 dart slugs (D:1)
  8 orcs (D:3)
  7 ball pythons
  8 endoplasms
  4 giant cockroaches
  5 goblins
  2 hobgoblins
  7 jackals
  7 quokkas
  9 bats
  4 frilled lizards
  3 kobolds
  7 rats
87 creatures vanquished.

Notes
Turn   | Place    | Note
-------+----------+-------------------------------------------
     0 | D:1      | qw the Minotaur Hexslinger began the quest for the Orb.
     0 | D:1      | Reached XP level 1. HP: 16/16 MP: 1/1
     0 | D:1      | 0 ||| qw: Version: 0.3-a-52-g30416fa
     0 | D:1      | 0 ||| qw: Game counter: 6753
     0 | D:1      | 0 ||| qw: Melee chars always use a shield: true
     0 | D:1      | 0 ||| qw: God list: Okawaru
     0 | D:1      | 0 ||| qw: Allow faded altars: false
     0 | D:1      | 0 ||| qw: Do Orc after clearing Dungeon:15 true
     0 | D:1      | 0 ||| qw: Do second Lair branch before Depths: true
     0 | D:1      | 0 ||| qw: Lair rune preference: random
     0 | D:1      | 0 ||| qw: Goals: Normal
     0 | D:1      | 0 ||| PLANNING D:1-11
   103 | D:1      | Reached skill level 3 in Ranged Weapons
   110 | D:1      | Reached XP level 2. HP: 23/23 MP: 2/2
   563 | D:1      | Found a faded altar of an unknown god.
   574 | D:1      | Reached XP level 3. HP: 25/29 MP: 3/3
   676 | D:1      | 676 ||| READING 3 scrolls labelled VOEKIA CAAN.
   677 | D:1      | 677 ||| READING 2 scrolls labelled RACAD VIUHEIFU.
   678 | D:1      | 678 ||| DRINKING 2 fuming dark potions.
   679 | D:1      | 679 ||| DRINKING 3 brown potions.
   680 | D:1      | 680 ||| DRINKING 2 metallic coppery potions.
   735 | D:1      | 735 ||| READING 2 scrolls of identify.
   735 | D:1      | 735 ||| IDENTIFYING fizzy red potion
   736 | D:1      | 736 ||| DROPPING scroll of poison.
   737 | D:1      | 737 ||| DROPPING scroll of vulnerability.
   738 | D:1      | 738 ||| DROPPING potion of lignification.
   752 | D:2      | 752 ||| STAIRDANCE
   892 | D:2      | Found an ornate altar of the Wu Jian Council.
   926 | D:2      | Reached skill level 4 in Ranged Weapons
  1482 | D:2      | 1482 ||| UPGRADING to ring of positive energy.
  1483 | D:2      | 1483 ||| READING 3 scrolls labelled QATHYO ZOEMAOST.
  1484 | D:2      | 1484 ||| READING 2 scrolls of identify.
  1484 | D:2      | 1484 ||| IDENTIFYING sapphire potion
  1485 | D:2      | 1485 ||| DROPPING potion of magic.
  1513 | D:3      | Noticed Ijyb
  1522 | D:3      | 1522 ||| STAIRDANCE
  1528 | D:2      | HP: 7/29 [Ijyb/+0 dagger (3)]
  1529 | D:2      | 1529 ||| DRINKING potion of heal wounds.
  1531 | D:2      | Killed Ijyb
  1532 | D:2      | Reached XP level 4. HP: 33/36 MP: 4/4
  1544 | D:2      | 1544 ||| UPGRADING to +0 leather armour.
  1554 | D:2      | 1554 ||| DROPPING +0 robe.
  1561 | D:3      | 1561 ||| STAIRDANCE
  1610 | D:3      | Identified the +0 robe "Xata" {rElec Will+ Int+4}
  1633 | D:3      | Found Husm's General Store.
  1686 | D:3      | 1686 ||| BUYING potion of curing (33 gold).
  1686 | D:3      | Bought a potion of curing for 33 gold pieces
  1686 | D:3      | 1686 ||| BUYING scroll of enchant weapon (82 gold).
  1686 | D:3      | Bought a scroll of enchant weapon for 82 gold pieces
  1686 | D:3      | 1686 ||| READING scroll of enchant weapon.
  1686 | D:3      | 1686 ||| ENCHANTING +1 sling.
  1719 | D:3      | Reached skill level 5 in Ranged Weapons
  1900 | D:3      | Found Heyraw's Distillery.
  1908 | D:3      | 1908 ||| SHOPLISTING potion of cancellation (96 gold, have
                  | 55).
  1908 | D:3      | 1908 ||| BUYING potion of curing (36 gold).
  1908 | D:3      | Bought a potion of curing for 36 gold pieces
  1908 | D:3      | 1908 ||| SHOPLISTING potion of haste (120 gold, have 19).
  1997 | D:3      | Reached skill level 3 in Fighting
  2004 | D:3      | Reached XP level 5. HP: 38/45 MP: 5/5
  2053 | D:3      | Found Mokhuunk's Weapon Boutique.
  2247 | D:3      | Found Saben's Book Emporium.
  2323 | D:3      | Noticed Terence
  2330 | D:3      | Killed Terence
  2390 | D:3      | Noticed Grinder
  2397 | D:3      | Paralysed by Grinder for 4 turns
  2408 | D:3      | Killed Grinder
  2409 | D:3      | Reached skill level 7 in Ranged Weapons
  2409 | D:3      | Reached XP level 6. HP: 21/51 MP: 6/6
  2576 | D:3      | 2576 ||| Stepping ~*~*~tactically~*~*~ (outnumbered).
  2811 | D:3      | 2811 ||| UPGRADING to +0 ring mail.
  2821 | D:3      | 2821 ||| DROPPING +0 leather armour.
  2822 | D:3      | 2822 ||| UPGRADING to +0 robe "Xata" {rElec Will+ Int+4}.
  2832 | D:3      | 2832 ||| READING scroll labelled WENKET SUWAPHA.
  2833 | D:3      | 2833 ||| READING scroll labelled JOLENUPEPH.
  2834 | D:3      | 2834 ||| DRINKING 2 bubbling puce potions.
  2835 | D:3      | 2835 ||| READING 3 scrolls of identify.
  2835 | D:3      | 2835 ||| IDENTIFYING cyan potion
  3039 | D:4      | Reached XP level 7. HP: 59/59 MP: 7/7
  3101 | D:4      | Noticed a steam dragon
  3111 | D:4      | HP: 14/59 [steam dragon] (12)]
  3112 | D:4      | Killed a steam dragon
  3112 | D:4      | Engulfed by a cloud of steam

Levels and vault maps discovered:
D:1:      saegor_arrival_simple_b, layout_basic,
          shapermc_ecumenical_altar_notcrosses
D:2:      layout_basic, basic_altar
D:3:      layout_loops_ring, serial_shops, shop,
          nicolae_shop_bloodbath_and_beyond, nicolae_square_shop, shop,
          kennysheep_orc_chapel, uniq_terence, uniq_grinder, uniq_ijyb
D:4:      layout_basic

Skill      XL: |  1  2  3  4  5  6 |
---------------+-------------------+-----
Ranged Weapons | 3 4 5 7 |  7.6
Fighting       | 2 3 4 |  4.0
Dodging        | |  2.1
Spellcasting   | |  1.0
Hexes          | |  2.0

Action                     |  1- 3 |  4- 6 |  7- 9 || total
---------------------------+-------+-------+-------++-------
   Fire: Sling             |   116 |   143 |    15 ||   274
    Use: Scroll            |     5 |     4 |       ||     9
         Potion            |     4 |     1 |       ||     5
 Armour: Robe              |    10 |       |       ||    10
         Leather armour    |       |     8 |       ||     8
  Dodge: Dodged            |    28 |    36 |     5 ||    69

Table legend:
 A = Non-vault XP
 B = Vault XP
 C = Vault XP percentage of total XP
 D = Non-vault monster count
 E = Vault monster count
 F = Vault count percentage of total count
                 A         B        C        D         E       F
            +---------+---------+-------+---------+---------+-------
      Total |     486 |     446 |  47.9 |      80 |       7 |   8.0
            +---------+---------+-------+---------+---------+-------
        D:1 |      48 |       0 |   0.0 |      27 |       0 |   0.0
        D:2 |      43 |      36 |  45.6 |      22 |       1 |   4.3
        D:3 |     114 |     410 |  78.2 |      22 |       6 |  21.4
        D:4 |     281 |       0 |   0.0 |       9 |       0 |   0.0
            +---------+---------+-------+---------+---------+-------
